cohdb
Replays
Latest Replays
All Replays
Popular Replays
Top Player Replays
Match Explorer
How It Works
Community
CoH3 Stats
Reddit
Sign in to upload your games and track your stats! →
Sign in with Steam
Match 45320268
Unlisted
Match 45320268
Overview
Messages
Build Orders
End
Panzergrenadier Squad
Selects Armored Support Battlegroup
Panzergrenadier Squad
250 Light Carrier
Construct Light Support Kompanie
Combat Half-tracks
Fire Support Elements
Selects Superior Fire Drills
Veteran Squad Leaders
Panzerjäger Mechanized Group
Construct Panzerarmee Kommand
Selects Salvage Kits
Selects Panzer Storm
Emergency Repair Kits
Vehicle Survival Package
Panzer III L Medium Tank
[PBS] Sigizmund
BrianZ
likewind3
nexnbb
UMirinBrah?
Sabersama
Tirant
Stormwing
0
0
Comments
sign in to comment!
No comments posted yet!